[Event "Budapest Chess Festival 2024"]
[Site "Budapest"]
[Date "2024.05.25"]
[Round "3.19"]
[White "Mihok, Oliver"]
[Black "Borocz, Istvan"]
[Result "1/2-1/2"]
[ECO "A04"]
[WhiteElo "2528"]
[BlackElo "2324"]
[Annotator "TA"]
[PlyCount "89"]
[EventDate "2024.05.20"]
[EventType "swiss"]
[EventCountry "HUN"]
[SourceTitle "playchess.com"]
[Source "ChessBase"]
[SourceQuality "1"]
[TimeControl "40/5400+30:1800+30"]

1. Nf3 Nc6 2. d4 d5 3. g3 Bf5 4. Bg2 Qd7 5. O-O Bh3 6. Bxh3 Qxh3 {[%emt 0:00:25] [#]} 7. c4 $1 e6 8. Nc3 {[%emt 0:09:41] White is slightly better.} O-O-O 9. Bf4 f6 (9... Nge7 $14) 10. Nb5 $16 {[%emt 0:02:49] Qa4 would now be deadly.} g5 (10... Bd6 $16) 11. Bxc7 $18 Rd7 12. Rc1 (12. cxd5 $6 exd5 13. Qa4 Rxc7 $16) 12... Rxc7 13. cxd5 exd5 {[%emt 0:00:51][%cal Oa7a6] [#]} 14. b4 $1 a6 15. Nxc7 Kxc7 16. Qb3 Nge7 {[%emt 0:06:52] [#]} (16... Qe6 $16) 17. a4 $1 {[%emt 0:00:43][%mdl 1024] White has strong compensation.} (17. b5 axb5 18. Qxb5 Qe6 $14) 17... g4 $2 (17... Kd8 18. b5 axb5) 18. Nh4 {[%emt 0:03:42] And now b5 would win.} Ng6 19. Ng2 Kb8 20. Qxd5 $2 (20. Rxc6 bxc6 21. b5 cxb5 22. axb5 (22. Qxd5 Ba3 $18)) 20... Bxb4 21. Rxc6 $1 {[%emt 0:03:56] Threatening mate with Rb6.} Ne7 22. Qc4 Nxc6 23. d5 Ne5 24. Qxb4 {[%emt 0:00:18] Rb1 would kill now.} Qh6 25. Nf4 Qf8 26. d6 Qf7 (26... Qc8 $142 27. Nd5 Qc4) 27. Rc1 Rc8 {[%emt 0:00:22] Wards off Rc7} 28. Rxc8+ Kxc8 {[%emt 0:00:01][%mdl 4096] Endgame. KQN-KQN} 29. Qc5+ Kb8 30. a5 $2 (30. Nd5 $18 {and White stays clearly on top.}) 30... Qc4 $16 31. Qb6 (31. Qd5 $14) 31... Qc1+ $11 32. Kg2 {[%emt 0:00:00] Strongly threatening Nd5. Dancing on a razor blade.} Qc6+ 33. Kg1 (33. Qxc6 $11 Nxc6 34. f3) 33... Qxb6 $17 34. axb6 {[%emt 0:00:04] KN-KN} Kc8 35. Nd5 Kd7 ({But not} 35... Nd7 $6 36. Kf1 $11) (35... f5 $17 {...Kd7 is the strong threat.} 36. f4 gxf3) 36. Nxf6+ $11 Kxd6 {[%emt 0:00:05] White must now prevent ...Ke6.} 37. Kf1 $1 (37. Nxh7 $2 {loses.} a5 38. Nf6 Kc5 (38... a4 $2 39. Ne4+ Kc6 40. Nc3 $19) 39. Ne4+ Kb4 $19) 37... a5 38. Ke1 $1 Kc5 39. Kd2 Kxb6 {[%emt 0:00:31] aiming for ...Kc5.} 40. Kc3 (40. Kc2 $11 {keeps the balance.}) 40... Kc5 $17 41. Ne4+ Kd5 42. Nf6+ Kc5 (42... Kc6 $5) 43. Ne4+ Kd5 44. Nf6+ Kc6 45. f4 {Black defended with fortune.   Weighted Error Value: White=0.38/Black=0.35.  Missed win:     	White=1     	---        Mistake:       	White=3     	Black=6      Inaccurate:     	White=2     	---        OK:         	White=14    	Black=13     Best:        	White=5     	Black=6      Strong:       	White=4     	---} 1/2-1/2

[Event "Budapest Chess Festival 2024"]
[Site "Budapest"]
[Date "2024.05.25"]
[Round "3.20"]
[White "Bodrogi, Bendeguz"]
[Black "Popovic, Dusan"]
[Result "0-1"]
[ECO "A04"]
[WhiteElo "2348"]
[BlackElo "2486"]
[Annotator "RC"]
[PlyCount "78"]
[EventDate "2024.05.20"]
[EventType "swiss"]
[EventCountry "HUN"]
[SourceTitle "playchess.com"]
[Source "ChessBase"]
[SourceQuality "1"]
[TimeControl "40/5400+30:1800+30"]

1. Nf3 g6 2. g3 Bg7 3. d4 d6 4. Bg2 Nd7 5. O-O e5 6. dxe5 dxe5 7. Nc3 Ngf6 8. a4 O-O 9. a5 Rb8 10. Nb5 a6 11. Na7 e4 12. Nd4 Qe7 13. c3 Nc5 14. Nxc8 Rbxc8 15. Qc2 Rcd8 16. Rd1 Nd5 17. Nb3 Nxb3 18. Qxb3 c6 19. Ra4 f5 20. Be3 Qf7 21. Bc5 Rfe8 22. Qc2 Rd7 23. e3 h5 24. Bf1 h4 25. Raa1 Bf6 26. c4 Nc7 27. Rxd7 Qxd7 28. Rd1 Qg7 29. Bd6 Ne6 30. b4 Ng5 31. b5 Qh6 32. bxc6 hxg3 33. fxg3 Nf3+ 34. Kf2 Nxh2 35. Bf4 g5 36. cxb7 gxf4 37. c5 fxg3+ 38. Kg2 Nxf1 39. Qc4+ Kf8 0-1

[Event "Budapest Chess Festival 2024"]
[Site "Budapest"]
[Date "2024.05.26"]
[Round "4.1"]
[White "Dragnev, Valentin"]
[Black "Vetoshko, Volodymyr"]
[Result "1/2-1/2"]
[ECO "C70"]
[WhiteElo "2566"]
[BlackElo "2505"]
[Annotator "TA"]
[PlyCount "51"]
[EventDate "2024.05.20"]
[EventType "swiss"]
[EventCountry "HUN"]
[SourceTitle "playchess.com"]
[Source "ChessBase"]
[SourceQuality "1"]
[TimeControl "40/5400+30:1800+30"]

1. e4 e5 2. Nf3 Nc6 3. Bb5 a6 4. Ba4 Nge7 5. c3 Ng6 6. d4 exd4 7. Nxd4 Bc5 8. Be3 {[%emt 0:00:08] Threatens to win with Nxc6. White is slightly better.} Nce5 9. O-O O-O 10. Bb3 d5 11. Nd2 Ng4 12. exd5 Qd6 13. N2f3 Nxe3 14. fxe3 Bd7 15. Qc2 Rae8 16. Rae1 Re7 17. Qf2 Ne5 18. Nxe5 Rxe5 19. Qf4 Qe7 {[%emt 0:06:26] [#]} 20. Ne6 $1 Rxe3 $1 $11 {[%emt 0:00:33] The position is equal.} 21. Rxe3 fxe6 22. Qe5 Bxe3+ 23. Qxe3 Rxf1+ 24. Kxf1 Qf7+ 25. Qf2 b6 26. dxe6 {[%emt 0:02:02] Weighted Error Value: White=0.10 (very precise) /Black=0.05 (flawless) .  Mistake:       	White=1     	Black=1      Inaccurate:     	White=1     	Black=1      OK:         	White=4     	Black=9      Best:        	---       	Black=2      Strong:       	---       	Black=1} 1/2-1/2

[Event "Budapest Chess Festival 2024"]
[Site "Budapest"]
[Date "2024.05.26"]
[Round "4.2"]
[White "Gschnitzer, Adrian"]
[Black "Kantor, Gergely"]
[Result "1/2-1/2"]
[ECO "C47"]
[WhiteElo "2431"]
[BlackElo "2527"]
[Annotator "TA"]
[PlyCount "16"]
[EventDate "2024.05.20"]
[EventType "swiss"]
[EventCountry "HUN"]
[SourceTitle "playchess.com"]
[Source "ChessBase"]
[SourceQuality "1"]
[TimeControl "40/5400+30:1800+30"]

1. e4 e5 2. Nf3 Nc6 3. Nc3 Nf6 4. d4 exd4 5. Nxd4 Bb4 6. Nxc6 bxc6 {[%emt 0:00:02] The position is equal.} 7. Bd3 O-O ({Reject} 7... Bxc3+ 8. bxc3 Qe7 9. O-O $14) 8. O-O d5 {[%emt 0:00:23] Not much happened in this game.   OK:         	White=1     	Black=2} 1/2-1/2

[Event "Budapest Chess Festival 2024"]
[Site "Budapest"]
[Date "2024.05.26"]
[Round "4.3"]
[White "Aryan Chopra"]
[Black "Haring, Filip"]
[Result "1/2-1/2"]
[ECO "C50"]
[WhiteElo "2641"]
[BlackElo "2484"]
[Annotator "TA"]
[PlyCount "111"]
[EventDate "2024.05.20"]
[EventType "swiss"]
[EventCountry "HUN"]
[SourceTitle "playchess.com"]
[Source "ChessBase"]
[SourceQuality "1"]
[TimeControl "40/5400+30:1800+30"]

1. e4 e5 2. Nf3 Nc6 3. Bc4 Nf6 4. d3 Bc5 5. c3 d6 6. O-O O-O 7. h3 Bb6 {[%emt 0:01:01] Recently 7...a5 got a lot of attention.} 8. Re1 {[%emt 0:00:35] C54: Giuoco Piano: 4 c3 Nf6, main lines with 5 d4 and 5 d3.} Ne7 9. d4 Ng6 10. Nbd2 c6 11. Bf1 Re8 12. a4 h6 13. Qc2 exd4 14. cxd4 Ba5 15. Re3 Be6 16. b3 Bb4 17. Ba3 Bxa3 18. Rxa3 a5 19. Ra1 $146 ({Predecessor:} 19. g3 Rc8 20. Kh2 Qb6 21. Ra1 d5 22. e5 Nd7 23. Rc3 Ne7 24. Rc1 Qb4 25. Qd3 {0-1 Harutjunyan,G (2458)-Harutyunian,T (2334) ARM-ch 1st League 74th+ 2013 (5)}) 19... Rc8 20. Qb2 Qb6 21. Bd3 Nf4 22. Bc2 Qb4 23. Qa3 (23. Kh2 {with more complications.} Rc7 24. Qc3 b6 25. Qxb4 axb4 26. Ree1) 23... Qxa3 24. Rxa3 d5 25. e5 Nd7 26. h4 Bg4 27. b4 axb4 28. Rab3 c5 29. dxc5 Rxc5 (29... Nxc5 30. Rxb4 Nce6 31. Bb3 $11) ({Black should try} 29... d4 $17 30. Re4 (30. Rxb4 $2 dxe3 31. fxe3 Rxc5 $19) (30. Nxd4 Nxc5 31. Rb1 Nd5 $17) 30... d3 (30... Rxc5 31. Rxf4 Bxf3 32. Nxf3 $11)) 30. Rxb4 $11 Nxg2 (30... Rxc2 $142 31. Rxf4 Be6) 31. Kxg2 $11 Bxf3+ 32. Nxf3 Rxc2 33. Rxb7 Nc5 34. Rc7 Ra8 35. Ra3 Rc4 36. a5 Ra4 37. Rxa4 Nxa4 38. Nd4 Rxa5 39. e6 fxe6 40. Nxe6 Ra6 41. Rxg7+ (41. Nxg7 $2 {loses.} Rg6+ 42. Kf3 Rxg7 $19) 41... Kh8 42. Re7 Rc6 43. f4 Nc5 44. Nd4 Ra6 45. Kf3 Ra4 46. Nc6 Nd3 47. Rf7 Kg8 48. Rf5 Kg7 49. h5 (49. Rxd5 Nxf4 50. Rd7+ Kf6) 49... Re4 50. Rxd5 Rxf4+ 51. Ke3 Rc4 52. Na5 ({Much weaker is} 52. Kxd3 Rxc6 53. Rd4 Rc5 $17) 52... Rc5 53. Rd7+ Kf6 54. Nb7 Ne5 55. Rd6+ Kg5 56. Nxc5 1/2-1/2

[Event "Budapest Chess Festival 2024"]
[Site "Budapest"]
[Date "2024.05.26"]
[Round "4.4"]
[White "Wadsworth, Matthew J"]
[Black "Onyshchuk, Volodymyr"]
[Result "0-1"]
[ECO "E62"]
[WhiteElo "2470"]
[BlackElo "2619"]
[Annotator "TA"]
[PlyCount "96"]
[EventDate "2024.05.20"]
[EventType "swiss"]
[EventCountry "HUN"]
[SourceTitle "playchess.com"]
[Source "ChessBase"]
[SourceQuality "1"]
[TimeControl "40/5400+30:1800+30"]

1. d4 d6 2. Nf3 g6 3. c4 Bg7 4. g3 Nf6 5. Bg2 O-O 6. Nc3 Nc6 7. d5 Na5 8. b3 c5 9. Bb2 a6 10. O-O Rb8 11. Nd2 b5 12. Qc1 e5 13. dxe6 {[%emt 0:02:08] The position is equal.} Bxe6 14. cxb5 $1 axb5 15. Nce4 (15. Rd1 {simplifies} Bf5 16. Nde4 Bxe4 17. Nxe4 Nxe4 18. Bxg7 Nxg3 19. hxg3 Kxg7 20. Qc3+) 15... Nd5 16. Bxg7 Kxg7 17. Nf3 (17. Rd1 $5) 17... b4 (17... f6 $14) 18. Nfg5 $1 $16 Nc6 {[%emt 0:25:33] [#]} 19. Qb2+ $1 Kg8 20. Rad1 {[%emt 0:01:55][%cal Od1d5] Strongly threatening Rxd5!} Nce7 21. Rd2 {[%emt 0:14:55] Threatens to win with Rfd1.} h6 22. Nxe6 fxe6 {[%emt 0:00:06] [#]} 23. Nxc5 $1 dxc5 24. e4 Qd6 25. Rfd1 ({Better is} 25. exd5 $16 Nf5 26. Re1) 25... Nc6 $14 26. exd5 Nd4 27. dxe6 Qxe6 28. Rd3 Rbe8 29. Re3 Qf6 30. Qd2 (30. Kh1 $14) 30... Rd8 $1 $11 31. Rd3 g5 32. h3 Kg7 33. Re1 $2 {[%emt 0:03:16] White is on the road to losing.} (33. Rf1 $11 {and White is okay.}) 33... Nxb3 $1 $19 34. Rxd8 (34. Rd7+ $142 Kh8 35. axb3 Rxd7 36. Qxd7 Qxf2+ 37. Kh2 Qxe1 38. Qc6) 34... Nxd2 35. Rxd2 c4 36. Rde2 Qd4 {[%emt 0:01:10] Dodges Bd5} 37. Be4 (37. Bc6 {is a better defense.}) 37... Re8 {[%emt 0:00:34] Black is clearly winning.} 38. Kg2 Re7 39. Re3 c3 40. R1e2 Qc5 41. Kg1 Qc4 42. Kg2 Rd7 {[%emt 0:12:35] And now ...Rd2 would win.} 43. Bf5 Rd2 44. Re7+ Kf6 45. R2e6+ {[%emt 0:00:59] [#]} Qxe6 $3 46. Rxe6+ Kxf5 47. Rb6 c2 (47... Rxa2 $2 48. Rxb4 c2 49. Rc4 $19) 48. Rc6 Ke4 {[%emt 0:00:25] Weighted Error Value: White=0.78/Black=0.15 (very precise) .  Loses game:     	White=1     	---        Mistake:       	White=4     	Black=1      Inaccurate:     	White=4     	Black=1      OK:         	White=5     	Black=11     Best:        	White=3     	Black=4      Strong:       	White=3     	Black=2      Brilliant:      	White=1     	---} 0-1

[Event "Budapest Chess Festival 2024"]
[Site "Budapest"]
[Date "2024.05.26"]
[Round "4.5"]
[White "Berkes, Ferenc"]
[Black "Cabarkapa, Novak"]
[Result "1/2-1/2"]
[ECO "A46"]
[WhiteElo "2618"]
[BlackElo "2444"]
[Annotator "TA"]
[PlyCount "27"]
[EventDate "2024.05.20"]
[EventType "swiss"]
[EventCountry "HUN"]
[SourceTitle "playchess.com"]
[Source "ChessBase"]
[SourceQuality "1"]
[TimeControl "40/5400+30:1800+30"]

1. d4 Nf6 2. Nf3 d6 3. g3 Nbd7 4. Bg2 e5 5. dxe5 dxe5 6. O-O Bc5 7. Nfd2 O-O 8. a4 a5 9. Nb3 {[%emt 0:05:11] The position is equal.} Bb4 10. Bd2 Qe7 11. Bxb4 axb4 12. c3 Ra6 (12... c6 $11) 13. Qc2 e4 14. cxb4 {[%emt 0:00:34] Weighted Error Value: White=0.10 (very precise) /Black=0.14 (very precise) .  Mistake:       	---       	Black=1      OK:         	White=3     	Black=4      Best:        	White=1     	---} 1/2-1/2

[Event "Budapest Chess Festival 2024"]
[Site "Budapest"]
[Date "2024.05.26"]
[Round "4.6"]
[White "Shohat, Yotam"]
[Black "Kozak, Adam"]
[Result "1/2-1/2"]
[ECO "B90"]
[WhiteElo "2410"]
[BlackElo "2607"]
[Annotator "TA"]
[PlyCount "75"]
[EventDate "2024.05.20"]
[EventType "swiss"]
[EventCountry "HUN"]
[SourceTitle "playchess.com"]
[Source "ChessBase"]
[SourceQuality "1"]
[TimeControl "40/5400+30:1800+30"]

1. e4 c5 2. Nf3 d6 3. d4 cxd4 4. Nxd4 Nf6 5. Nc3 a6 6. Be3 e5 7. Nb3 Be6 8. f3 Nbd7 9. g4 b5 10. a4 b4 11. Nd5 Bxd5 12. exd5 {[%emt 0:00:59] The position is equal.} Nc5 (12... Nb6 $11 {remains equal.}) 13. Qd2 $16 Nxb3 14. cxb3 Be7 {[%emt 0:02:15] Black is weak on the light squares} 15. O-O-O (15. Qxb4 Nxd5 16. Qe4 Nxe3 17. Qxe3 O-O $17) 15... a5 16. Bb5+ Nd7 17. Kb1 {[%emt 0:00:18] Active counter play!} O-O {[%emt 0:01:45] [#]} 18. h4 $1 Rc8 19. g5 Nc5 {[%emt 0:05:47] [#]} 20. Ka2 $1 f5 21. Bxc5 ({Better is} 21. f4 $16) 21... Rxc5 $14 22. f4 {[%emt 0:00:05] fxe5 would now be deadly.} e4 23. h5 Qc7 $1 24. h6 {[%emt 0:09:18] aiming for hxg7.} g6 25. Qd4 (25. Rc1 $14) 25... Bd8 $11 26. Rc1 Qe7 $1 (26... Rxc1 $2 {too greedy.} 27. Rxc1 Qe7 28. Rc8 $18) (26... Bxg5 27. fxg5 Rxc1 28. Rxc1 $18) 27. Rxc5 dxc5 {[%emt 0:00:07] Black is slightly better.} 28. Qe3 {[%emt 0:04:11][%cal Od5d6] And now d6! would win.} ({Not} 28. d6 $2 cxd4 29. dxe7 Bxe7 30. Bc4+ Kh8 $19) 28... Qd6 29. Bc4 Bc7 30. Rf1 Rd8 31. Kb1 Kf8 32. Ka2 Qb6 33. Kb1 Bd6 34. Ka2 Ke7 35. Kb1 Rd7 36. Ka2 Qb8 37. Kb1 Qh8 38. Rd1 {[%emt 0:00:06] Against Qd4.   Weighted Error Value: White=0.07 (flawless) /Black=0.05 (flawless) .  Mistake:       	White=2     	Black=1      Inaccurate:     	---       	Black=1      OK:         	White=8     	Black=13     Best:        	White=1     	Black=1      Strong:       	White=1     	Black=2} 1/2-1/2

[Event "Budapest Chess Festival 2024"]
[Site "Budapest"]
[Date "2024.05.26"]
[Round "4.7"]
[White "Nguyen, Piotr"]
[Black "Prohaszka, Peter"]
[Result "1/2-1/2"]
[ECO "A14"]
[WhiteElo "2402"]
[BlackElo "2581"]
[Annotator "RC"]
[PlyCount "119"]
[EventDate "2024.05.20"]
[EventType "swiss"]
[EventCountry "HUN"]
[SourceTitle "playchess.com"]
[Source "ChessBase"]
[SourceQuality "1"]
[TimeControl "40/5400+30:1800+30"]

1. c4 e6 2. g3 d5 3. Bg2 Nf6 4. Nf3 Be7 5. O-O O-O 6. b3 a5 7. Nc3 c6 8. e3 b6 9. Bb2 Ba6 10. Qe2 a4 11. Rac1 b5 12. d3 Qb6 13. e4 dxc4 14. dxc4 axb3 15. axb3 bxc4 16. bxc4 Bxc4 17. Qxc4 Qxb2 18. Nd4 Qb4 19. Qxb4 Bxb4 20. e5 Ng4 21. Bxc6 Nxc6 22. Nxc6 Ba3 23. Rc2 Rfc8 24. Nb5 Nxe5 25. Nxa3 Rxc6 26. Rxc6 Nxc6 27. Nc4 g5 28. Kg2 Kg7 29. Ne3 Ra2 30. h4 gxh4 31. gxh4 Ne7 32. Rb1 Ra4 33. Kg3 f5 34. Ng2 Rg4+ 35. Kh3 Kf6 36. Rb6 Nd5 37. Rb3 Rg7 38. Ra3 Ke5 39. Ra6 h6 40. Ra8 Nf4+ 41. Nxf4 Kxf4 42. Rh8 Kf3 43. Rxh6 Re7 44. h5 f4 45. Kh4 e5 46. Kg5 Kxf2 47. Kf6 Re8 48. Kf7 Ra8 49. Re6 Ra7+ 50. Kg6 f3 51. Rxe5 Kg3 52. h6 Ra6+ 53. Kg7 f2 54. Rf5 Ra7+ 55. Kg6 Ra6+ 56. Kg7 Kg2 57. h7 Ra7+ 58. Kg6 Rxh7 59. Rxf2+ Kxf2 60. Kxh7 1/2-1/2

[Event "Budapest Chess Festival 2024"]
[Site "Budapest"]
[Date "2024.05.26"]
[Round "4.8"]
[White "Kadric, Denis"]
[Black "Deuer, Marius"]
[Result "1-0"]
[ECO "B12"]
[WhiteElo "2558"]
[BlackElo "2436"]
[Annotator "TA"]
[PlyCount "91"]
[EventDate "2024.05.20"]
[EventType "swiss"]
[EventCountry "HUN"]
[SourceTitle "playchess.com"]
[Source "ChessBase"]
[SourceQuality "1"]
[TimeControl "40/5400+30:1800+30"]

1. e4 c6 2. d4 d5 3. e5 Bf5 4. h4 h5 5. Bd3 Bxd3 6. Qxd3 {[%emt 0:00:01][%cal Oe5e6] B12: Caro-Kann: Advance Variation.} Qa5+ 7. Nd2 {[%emt 0:00:03][%cal Oe5e6] Black must now prevent e6!} e6 8. Ne2 Qa6 9. c4 Ne7 10. O-O $1 {[%emt 0:00:09][%mdl 4] outshines the older 10.b3.} Nd7 11. b3 Nf5 12. a4 $146 ({Predecessor:} 12. g3 Rd8 13. Qc3 Be7 14. a4 dxc4 15. bxc4 c5 16. d5 exd5 17. Qf3 g6 18. cxd5 Nxe5 {0-1 Vasquez Schroder,R (2554)-Fontaine,R (2549) PRO League Stage rapid 2017 (7)}) 12... Rd8 (12... Nxh4 $15 13. Ba3 Qa5) 13. Nf3 $14 c5 14. Bg5 Be7 15. Ng3 $36 {[%emt 0:01:42][%mdl 2048] White fights for an advantage.} Nf8 $2 (15... dxc4 $14 16. bxc4 Nxd4) 16. Nxf5 $18 exf5 17. Bxe7 Kxe7 18. Qxf5 (18. dxc5 dxc4 19. Qxf5 Qg6 20. Qxg6 Nxg6 21. bxc4 Rd7 $16) ({White should try} 18. Rfd1 $18) 18... Qg6 $16 19. Qxg6 Nxg6 20. dxc5 dxc4 21. bxc4 Rd7 22. Rfd1 Rhd8 (22... Rc8 $16 {is a better defense.}) 23. Rd6 $18 Rc8 24. Rad1 Nf8 25. R1d5 Rdc7 26. Nd4 {[%emt 0:00:30] Threatens to win with Nf5+.} Ne6 27. Nxe6 fxe6 {[%emt 0:00:06][%mdl 4096] Endgame. KRR-KRR} 28. Rd4 Kf7 29. Rd3 Re7 {[%emt 0:02:57] [#]} 30. c6 $1 Rxc6 (30... bxc6 31. Kh2) 31. Rxc6 bxc6 {[%emt 0:00:02] KR-KR} 32. Rd6 Kg6 33. Rxc6 Kf5 34. Rc5 Ke4 35. Kh2 Kd4 36. Rc6 Kxe5 {[%emt 0:00:39] [#]} 37. Rc5+ $1 Kd4 $2 (37... Kf6 38. Rxh5 Rc7) 38. Rxh5 Kxc4 39. Rh7 Rf7 (39... Kd5 $142 40. h5 Kd6) 40. h5 Rf5 41. g4 ({Not} 41. Rxg7 Rxh5+ 42. Kg3 a5 $16) 41... Rxf2+ 42. Kg3 Ra2 43. Rxg7 Rxa4 44. h6 Ra3+ 45. Kf4 Rh3 46. g5 1-0

[Event "Budapest Chess Festival 2024"]
[Site "Budapest"]
[Date "2024.05.26"]
[Round "4.9"]
[White "Tadic, Stefan"]
[Black "Nasuta, Grzegorz"]
[Result "0-1"]
[ECO "A06"]
[WhiteElo "2399"]
[BlackElo "2547"]
[Annotator "RC"]
[PlyCount "164"]
[EventDate "2024.05.20"]
[EventType "swiss"]
[EventCountry "HUN"]
[SourceTitle "playchess.com"]
[Source "ChessBase"]
[SourceQuality "1"]
[TimeControl "40/5400+30:1800+30"]

1. Nf3 d5 2. e3 Nf6 3. c4 c6 4. Nc3 e6 5. b3 Bd6 6. Bb2 O-O 7. Be2 b6 8. Qc2 Bb7 9. d4 Nbd7 10. O-O Qe7 11. Rfd1 Rfd8 12. a4 a5 13. Rac1 Rac8 14. Qb1 h6 15. Nh4 c5 16. Nb5 Bb8 17. g3 e5 18. Bf3 cxd4 19. exd4 e4 20. Be2 Qe6 21. Ng2 Ng4 22. f3 Ne3 23. Nxe3 exf3 24. Bxf3 Qxe3+ 25. Kg2 Qxb3 26. Qc2 Qe3 27. Qd2 Qe6 28. Re1 Qf5 29. Rf1 Nf6 30. c5 Qg6 31. cxb6 Ne4 32. Qe2 Qxb6 33. Ba3 Re8 34. Rxc8 Bxc8 35. Qd1 Qe6 36. Kg1 Bd7 37. Bg2 Qg6 38. Qd3 Bf5 39. Qf3 Bg4 40. Qd3 Bf5 41. Qf3 Be6 42. Bc1 Rc8 43. Bf4 Bxf4 44. Qxf4 Rc4 45. Qb8+ Kh7 46. Qe5 Rxa4 47. Nc7 Nc3 48. Nxd5 Bxd5 49. Bxd5 Qd3 50. Bxf7 Qxd4+ 51. Qxd4 Rxd4 52. Rf5 a4 53. Ra5 g5 54. Rc5 Ne4 55. Rc7 Kg7 56. Bd5+ Kf6 57. Bxe4 Rxe4 58. Kf2 Ke5 59. Ra7 g4 60. Ra5+ Kd6 61. Rh5 Kc6 62. h3 gxh3 63. Rxh6+ Kb5 64. Rxh3 a3 65. Rh1 Ka4 66. Kf3 Rb4 67. g4 a2 68. Ra1 Ka3 69. Kg3 Kb2 70. Rxa2+ Kxa2 71. Kh4 Kb3 72. Kg5 Kc4 73. Kf6 Kd5 74. g5 Rb6+ 75. Kf5 Kd6 76. Kf6 Kd7+ 77. Kf7 Rb1 78. g6 Rf1+ 79. Kg8 Ke7 80. g7 Rg1 81. Kh7 Kf7 82. Kh8 Rh1# 0-1

[Event "Budapest Chess Festival 2024"]
[Site "Budapest"]
[Date "2024.05.26"]
[Round "4.10"]
[White "Samunenkov, Ihor"]
[Black "Aizenberg, Benny"]
[Result "1-0"]
[ECO "B22"]
[WhiteElo "2547"]
[BlackElo "2403"]
[Annotator "TA"]
[PlyCount "109"]
[EventDate "2024.05.20"]
[EventType "swiss"]
[EventCountry "HUN"]
[SourceTitle "playchess.com"]
[Source "ChessBase"]
[SourceQuality "1"]
[TimeControl "40/5400+30:1800+30"]

1. e4 c5 2. c3 Nf6 3. e5 Nd5 4. Bc4 Nb6 5. Bb3 c4 6. Bc2 Nc6 7. Nf3 d5 8. exd6 exd6 9. O-O Be7 10. Re1 O-O {[%emt 0:02:16] White is slightly better.} 11. d4 Bg4 12. Nbd2 d5 13. Nf1 Bh5 14. Ng3 Bg6 15. Nf5 Bf6 16. Ne5 Bxe5 17. dxe5 Qd7 18. g4 Rfe8 19. Bf4 Nc8 (19... Ne7 $11 {keeps the balance.}) 20. Bg3 $16 N8e7 21. Nd6 ({White should play} 21. Qf3 $16) 21... Bxc2 $11 22. Qxc2 {[%emt 0:00:08] Black must now prevent Qe2.} Rf8 (22... Qxg4 $1 $11 23. Nxe8 Rxe8) 23. h3 {[%emt 0:01:23][%cal Od6f7] White is much more active.} Nd8 (23... f6 $16 {was called for.} 24. e6 Qd8) 24. Rad1 $18 {[%emt 0:03:45] Black is weak on the dark squares} Qc6 25. Nf5 Re8 26. Qd2 Ne6 27. Nxe7+ (27. Nd6 $142) 27... Rxe7 $16 28. Qxd5 Qa4 29. a3 Rd8 30. Qf3 Red7 {[%emt 0:00:06] This move loses the game for Black.} ({Better is} 30... Rdd7 $14) 31. Rd6 $18 Qb5 32. Re2 Re8 33. Red2 Rc7 34. Qe4 h6 35. f4 Nc5 36. Qd5 a6 37. f5 Rce7 {[%emt 0:01:33] [#]} 38. a4 $1 Nxa4 39. Qxb5 axb5 {[%emt 0:00:09] [#]} 40. R6d5 {[%emt 0:00:00] Repels Nc5} Rc8 41. Rxb5 Nc5 42. Rd4 {[%emt 0:00:54] Prevents Ne4} Nb3 43. Rdd5 Ra8 44. Bh4 Ree8 45. Rxb7 {[%emt 0:01:19][%cal Oe5e6] e6! is the strong threat.} Ra1+ $2 (45... Rab8 46. Rc7 Rec8 47. Rxc8+ Rxc8) 46. Kg2 {[%emt 0:00:12][%cal Oe5e6] Strongly threatening e6!} Rb1 {[%emt 0:01:41] [#]} 47. e6 $1 Rxb2+ {[%emt 0:00:06] White mates.} 48. Kg3 Kh7 49. Rxf7 Nd2 50. Rdd7 Rg8 51. Kf4 Nb1 52. Bf6 h5 53. Rxg7+ Rxg7 54. Rxg7+ Kh6 55. g5# {[%emt 0:00:08] Weighted Error Value: White=0.09 (flawless) /Black=0.24 (precise) .  Mistake:       	White=2     	Black=5      Inaccurate:     	White=2     	Black=2      OK:         	White=17    	Black=16     Best:        	White=3     	Black=1} 1-0